 Dungeon Crawl Stone Soup version 0.27-a0-54-g64bdb92e38 (webtiles) character file.

Game seed: 12470828333722066419

93 robertstho the Bolt Thrower (level 4, -6/27 HPs)
             Began as a Kobold Hunter on Jan 7, 2021.
             Mangled by Crazy Yiuf
             ... wielding a +3 quarterstaff of chaos
              (16 damage)
             ... on level 2 of the Dungeon.
             The game lasted 00:02:01 (1624 turns).

robertstho the Bolt Thrower (Kobold Hunter)         Turns: 1624, Time: 00:02:01

Health: -6/27      AC:  7    Str: 10    XL:     4   Next: 92%
Magic:  4/4        EV: 11    Int: 12    God:
Gold:   107        SH:  0    Dex: 15    Spells: 3/3 levels left

rFire    . . .     SeeInvis .   a - +1 hand crossbow
rCold    . . .     Faith    .   (shield restricted)
rNeg     . . .     Spirit   .   s - +1 scale mail
rPois    .         Reflect  .   (no helmet)
rElec    .         Harm     .   (no cloak)
rCorr    .         Rampage  .   (no gloves)
Will     .....                  (no boots)
Stlth    +.........             (no amulet)
HPRegen  0.09/turn              (no ring)
MPRegen  0.09/turn              (no ring)

@: no status effects
A: small, nightstalker 3
a: no special abilities


You were on level 2 of the Dungeon.
You visited 1 branch of the dungeon, and saw 2 of its levels.

You collected 107 gold pieces.

Inventory:

Hand Weapons
 a - a +1 hand crossbow (weapon)
 b - a +0 short sword
 p - a +2 vampiric hand axe
Missiles
 d - 21 bolts (quivered ammo)
Armour
 s - a +1 scale mail (worn)
Wands
 r - a wand of flame (25)
Scrolls
 f - a scroll of fog {unknown}
 n - a scroll of teleportation {unknown}
 o - a scroll of blinking {unknown}
Potions
 c - a potion of lignification {unknown}
 e - a potion of cancellation {unknown}
 j - a potion of mutation {unknown}
 k - 2 potions of curing {unknown}
 l - a potion of heal wounds {unknown}
 q - a potion of haste {unknown}


   Skills:
 * Level 2.9 Fighting
 + Level 6.3 Crossbows
 * Level 1.0 Armour
 + Level 2.6 Dodging
 + Level 1.3 Stealth


You had 3 spell levels left.
You didn't know any spells.
Your spell library was empty.

Dungeon Overview and Level Annotations

Branches:
Dungeon (2/15)

Altars:
Ashenzari
Okawaru
Qazlal

Annotations:
D:2 Crazy Yiuf


Innate Abilities, Weirdness & Mutations

You are small and have problems with some larger weapons.
You are completely attuned to the shadows.


Message History

You shoot a bolt. The bolt barely misses Crazy Yiuf.
Crazy Yiuf hits you with a +3 quarterstaff of chaos!
Crazy Yiuf burns you.
You shoot a bolt. The bolt hits Crazy Yiuf.
Crazy Yiuf is moderately wounded.
Crazy Yiuf barely misses you.
You shoot a bolt. The bolt hits Crazy Yiuf!
Crazy Yiuf is severely wounded.
Crazy Yiuf hits you with a +3 quarterstaff of chaos!
Crazy Yiuf freezes you.
You are too injured to fight recklessly!
You are too injured to fight recklessly!
You are too injured to fight recklessly!
Fire: 22 bolts
Press: ? - help, Q - select action, (/) - cycle Shift-Dir - straight line, f/p - Crazy Yiuf
Aim: Crazy Yiuf, wielding a +3 quarterstaff of chaos and wearing a +0 cloak (severely wounded)
You shoot a bolt. The bolt barely misses Crazy Yiuf.
Crazy Yiuf hits you with a +3 quarterstaff of chaos!
Ouch! That really hurt!
You die...

.......#...##.......#
#..#
...##......##########
##.# ##..##...#.# #.#
##.##..##.# ######.##
#.##..#### #.()#
#.......# ###..รท.##
#...# #<.###..#
....)..# ...
#...###.# ####..##
#g# #.#.###.####
####..##### ##@#
#.......<..#
#.........# #.##
##.........#
#.........# ##.#
####......#
#.........# #.##
#......# #.........#
##.## #......#
#.........# #...##
######## #.........#
#....# #.........#
#....#
#.........#####..##


You could see Crazy Yiuf.

Vanquished Creatures
  Terence (D:2)
  An adder (D:2)
  An ooze (D:1)
  3 worms (D:2)
  A dart slug (D:2)
  2 leopard geckos
  2 bats (D:2)
  2 giant cockroaches
  7 goblins
  4 hobgoblins
  4 jackals (D:2)
  4 kobolds
  A ball python (D:2)
  3 frilled lizards (D:2)
  5 rats
41 creatures vanquished.

Notes
Turn   | Place    | Note
-------+----------+-------------------------------------------
     0 | D:1      | robertstho the Kobold Hunter began the quest for the Orb.
     0 | D:1      | Reached XP level 1. HP: 12/12 MP: 1/1
    35 | D:1      | Reached skill level 5 in Crossbows
    35 | D:1      | Reached XP level 2. HP: 18/18 MP: 2/2
    76 | D:1      | Found a broken altar of Ashenzari.
   509 | D:1      | Reached XP level 3. HP: 22/22 MP: 3/3
   941 | D:2      | Noticed Terence
   945 | D:2      | Killed Terence
   946 | D:2      | Reached skill level 6 in Crossbows
   946 | D:2      | Reached XP level 4. HP: 19/27 MP: 4/4
  1104 | D:2      | Found a stormy altar of Qazlal.
  1113 | D:2      | Found an iron altar of Okawaru.
  1141 | D:2      | Reached skill level 1 in Armour
  1376 | D:2      | Found a runed translucent door.
  1379 | D:2      | Noticed Crazy Yiuf
  1624 | D:2      | Mangled by Crazy Yiuf

Illustrated notes

Levels and vault maps discovered:
D:1:      amcnicky_arrival_double_pillar, layout_basic, ashenzari_altar_1
D:2:      layout_rooms, amethyst_overflow_temple_binary,
          uniq_crazy_yiuf_cottage, uniq_terence

Skill      XL: |  1  2  3  4 |
---------------+-------------+-----
Crossbows      | 5 6 |  6.3
Armour         | 1 |  1.0
Fighting       | |  2.9
Dodging        | |  2.6
Stealth        | |  1.3

Action                   |  1- 3 |  4- 6 || total
-------------------------+-------+-------++-------
 Fire: Hand crossbow     |    59 |    31 ||    90
  Use: Scroll            |       |     4 ||     4
Armor: Leather armour    |     2 |       ||     2
       Scale mail        |       |     4 ||     4
Dodge: Dodged            |    15 |     6 ||    21

Table legend: (Time is in decaauts)
 A = Elapsed time spent in this place.
 B = Non-inter-level travel time spent in this place.
 C = Inter-level travel time spent in this place.
 D = Time resting spent in this place.
 E = Time spent auto-exploring this place.
 F = Levels seen in this place.
 G = Mean time per level.
                   A        B        C        D        E       F      G
               +--------+--------+--------+--------+--------+-----+--------+
         Total |   1642 |   1607 |     35 |      0 |   1381 |   2 |  821.0 |
       Dungeon |   1642 |   1607 |     35 |      0 |   1381 |   2 |  821.0 |
               +--------+--------+--------+--------+--------+-----+--------+

Top non-repeatable levels by time:
     D:2: 938 daAuts
     D:1: 704 daAuts
